 Dungeon Crawl Stone Soup version 0.20-a0-1043-gbd57889 (webtiles) character file.

54 Duffy the Chopper (level 3, 0/31 HPs)
             Began as a Gnoll Chaos Knight on Apr 25, 2017.
             Slain by a goblin
             ... wielding a +0 dagger
              (2 damage)
             ... on level 2 of the Dungeon.
             The game lasted 00:00:42 (942 turns).

Duffy the Chopper (Gnoll Chaos Knight)               Turns: 942, Time: 00:00:42

Health: 0/31       AC:  5    Str: 12    XL:     3   Next: 91%
Magic:  3/3        EV: 11    Int: 12    God:    Xom [....*.]
Gold:   63         SH:  0    Dex: 13    Spells: 2/2 levels left

rFire    . . .     SeeInvis .   a - +0 hand axe (chaos)
rCold    . . .     Gourm    .   (no shield)
rNeg     . . .     Faith    .   b - +2 leather armour
rPois    .         Spirit   .   (no helmet)
rElec    .         Reflect  .   (no cloak)
rCorr    .         Harm     .   (no gloves)
MR       .....                  (no boots)
Stlth    +.........             (no amulet)
Regen    0.1/turn               (no ring)
MPRegen  0.1/turn               (no ring)

@: no status effects
A: short attention span, fangs 1, strong nose
a: Renounce Religion


You were on level 2 of the Dungeon.
You worshipped Xom.
You were a beloved toy of Xom.
You were not hungry.

You visited 1 branch of the dungeon, and saw 2 of its levels.

You collected 63 gold pieces.

Inventory:

Hand Weapons
 a - a +0 hand axe of chaos (weapon)
Armour
 b - a +2 leather armour (worn)
Scrolls
 e - 2 scrolls of identify {unknown}
 g - 2 scrolls of remove curse {unknown}
 j - 2 scrolls of teleportation {unknown}
Potions
 h - a potion of curing {unknown}
 i - a potion of agility {unknown}
Comestibles
 c - a bread ration
 d - 5 chunks of flesh
 f - 5 fruits


   Skills:
 - Level 4.4 Fighting
 + Level 6.8 Axes
 - Level 3.0 Armour
 - Level 1.5 Dodging


You had 2 spell levels left.
You didn't know any spells.

Dungeon Overview and Level Annotations

Branches:
Dungeon (2/15)

Altars:


Innate Abilities, Weirdness & Mutations

You have a short attention span.
You have very sharp teeth.
Your uncanny sense of smell can sniff out nearby items.


Message History

The worm is severely wounded.
You hit the gnoll.
The gnoll is poisoned.
You hit something. You burn something.
Reactivating autopickup.
You feel a bit more experienced.
Xom's attention almost turns to you for a moment.
You hear an indistinct dissonance whispering inside your mind.
You are now a beloved toy of Xom.
The gnoll hits you from afar with a spear.
The gnoll hits you with a whip. The worm bites you.
You are too injured to fight recklessly!
You are too injured to fight recklessly!
You are too injured to fight recklessly!
You are too injured to fight recklessly!
You are too injured to fight recklessly!
You are too injured to fight recklessly!
You are too injured to fight recklessly!
You kill the gnoll!
The goblin hits you with a dagger.
You die...

###............
*#..............
...##%......##..
<###.#.######## #.#.).#.###
{ ##.#.###...## #...<#
###..# ##...## ##.#####
###@..# #.##... ###.g..##
#.##... # #..g#### #.##...
....##..w############.##...
#......w...............)...
#.#....)##############.#...
##...## #.#... #..# #.#...
#?. ####.#...


You could see a worm, a gnoll, a dart slug and a goblin.

Vanquished Creatures
  2 gnolls (D:2)
  An ooze (D:2)
  A dart slug (D:1)
  2 goblins
  6 hobgoblins
  9 jackals
  A ball python (D:2)
  A bat (D:2)
  2 rats (D:1)
25 creatures vanquished.

Notes
Turn   | Place    | Note
-------+----------+-------------------------------------------
     0 | D:1      | Duffy the Gnoll Chaos Knight began the quest for the Orb.
     0 | D:1      | Reached XP level 1. HP: 20/20 MP: 1/1
    81 | D:1      | Reached skill level 5 in Axes
    83 | D:1      | Reached XP level 2. HP: 22/26 MP: 2/2
   706 | D:2      | Reached skill level 6 in Axes
   706 | D:2      | Reached XP level 3. HP: 21/31 MP: 3/3
   834 | D:2      | XOM: divination: magic mapping
   938 | D:2      | XOM: harmless Hex miscast
   938 | D:2      | HP: 1/31 [worm (1)]
   942 | D:2      | Slain by a goblin

Vault maps used:
D:1:      dpeg_arrival_tiny_j
D:2:      overflow_temple_1_default, xom_redecorated

Skill      XL: |  1  2 |
---------------+-------+-----
Axes           | 5 6 |  6.8
Fighting       | |  4.4
Armour         | |  3.0
Dodging        | |  1.5

Action                   || total
-------------------------++-------
Melee: Hand axe          ||    59
       Bite              ||     4
 Stab: Sleeping          ||     1
Armor: Leather armour    ||    14
Dodge: Dodged            ||    36
